 Dungeon Crawl Stone Soup version 0.30-a0-341-g682706514a (webtiles) character file.

Game seed: 15003645640475338595

57 retardedninja the Trooper (level 4, -2/40 HPs)
             Began as a Hill Orc Fighter on Nov 3, 2022.
             Killed by divine providence
             ... invoked by an orc priest
              (12 damage)
             ... on level 2 of the Dungeon.
             The game lasted 00:02:10 (1463 turns).

retardedninja the Trooper (Hill Orc Fighter)        Turns: 1463, Time: 00:02:12

Health: -2/40      AC:  7    Str: 20    XL:     4   Next: 0%
Magic:  4/4        EV:  9    Int:  8    God:
Gold:   102        SH:  4    Dex: 10    Spells: 3/3 levels left

rFire   . . .      SeeInvis .    a - +0 war axe
rCold   . . .      Faith    .    c - +0 buckler
rNeg    . . .      Spirit   .    b - +0 scale mail
rPois   .          Reflect  .    (no helmet)
rElec   .          Harm     .    (no cloak)
rCorr   .          Rampage  .    (no gloves)
Will    .....                    (no boots)
Stlth   ..........               (no amulet)
HPRegen 0.26/turn                (no ring)
MPRegen 0.09/turn                (no ring)

@: mighty, attractive
A: no striking features
a: Convert to Beogh


You were on level 2 of the Dungeon.
You visited 1 branch of the dungeon, and saw 2 of its levels.

You collected 102 gold pieces.

Inventory:

Hand Weapons
 a - a +0 war axe (weapon)
Missiles
 l - a throwing net
 o - 2 javelins (quivered)
Armour
 b - a +0 scale mail (worn)
 c - a +0 buckler (worn)
 k - a +0 pair of gloves
Jewellery
 g - a ring of protection from cold
 s - an amulet of regeneration
Scrolls
 f - a scroll of brand weapon {unknown}
 j - a scroll of blinking {unknown}
 m - 2 scrolls of identify {unknown}
 q - 3 scrolls of teleportation {unknown}
 r - a scroll of amnesia {unknown}
 u - a scroll of torment {unknown}
Potions
 e - a potion of cancellation {unknown}
 h - a potion of curing {unknown}
 i - a potion of attraction
 n - 2 potions of haste {unknown}
 p - 2 potions of heal wounds
 t - a potion of lignification {unknown}


   Skills:
 + Level 4.2 Fighting
 + Level 3.5 Axes
 + Level 3.8 Armour
 + Level 3.8 Shields


You had 3 spell levels left.
You didn't know any spells.
Your spell library contained the following spells:

 Spells                   Type           Power      Damage    Failure   Level
 Sandblast                Erth           0%         2d4       85%         1
 Passwall                 Tmut/Erth      0%         N/A       94%         2
 Stone Arrow              Conj/Erth      0%         3d7       99%         3


Dungeon Overview and Level Annotations

Branches:
Dungeon (2/15)

Altars:


Message History

Things that are here:
a +0 club; a +0 ring mail; an orc corpse The orc hits you from afar with a +0 trident!
* * * LOW HITPOINT WARNING * * *
The orc wizard mumbles some strange words.
The orc wizard flickers and vanishes!
The orc hits you with a +0 trident.
* * * LOW HITPOINT WARNING * * *
Things that are here:
a +0 club; a +0 ring mail; an orc corpse You hit the orc but do no damage.
The orc closely misses you.
You barely miss the orc. The orc barely misses you.
It was a potion of attraction.
You feel attractive to monsters. The orc hits you but does no damage.
Something hits you.
* * * LOW HITPOINT WARNING * * *
It was a potion of heal wounds.
You feel much better. The orc barely misses you.
Something hits you but does no damage.
Okay, then.
You closely miss something. The orc barely misses you.
Something hits you but does no damage.
You miss something.
The orc hits you from afar with a +0 trident.
Something hits you. Something hits you but does no damage.
The orc priest begins to cast a cantrip, but forgets the words!
The orc hits you from afar with a +0 trident!
You slash something!
The orc hits you from afar with a +0 trident.
Something hits you but does no damage.
You barely miss something.
The orc hits you from afar with a +0 trident.
* * * LOW HITPOINT WARNING * * *
You block something's attack.
You slash something!
Reactivating autopickup.
You feel a bit more experienced. The orc closely misses you.
You block the orc's attack.
The orc priest mumbles some strange prayers to Beogh against you.
Beogh smites you!
You die...

#.................#....#
#.......).#####...#....#
#.#.#.....# #...#....# ####
#.......#######.#.#....######...
#.......'.......#...............
#.......#########.#.............
#.......#########.#...........##
#.......##......#.######...####
#.......##.####@#.# ###.#
#.......##.# #)#.########.## #
#.......##.# #o#.......##..# ##
#.########.# #o#######.###.# #.
#..........# #{# #.# #.###.
############ #.# #.# #.#... #.#
#.# #.>.## #.# #.# ##.## #.# #.#


You could see an orc priest and an orc.

Vanquished Creatures
  An orc wizard (D:2)
  2 adders (D:2)
  A dart slug (D:2)
  An orc (D:2)
  4 bats (D:2)
  3 endoplasms
  2 giant cockroaches (D:2)
  3 hobgoblins (D:2)
  A quokka (D:2)
  2 ball pythons (D:2)
  2 frilled lizards (D:2)
  4 goblins
  4 kobolds (D:2)
  8 rats
38 creatures vanquished.

Notes
Turn   | Place    | Note
-------+----------+-------------------------------------------
     0 | D:1      | retardedninja the Hill Orc Fighter began the quest for the
                  | Orb.
     0 | D:1      | Reached XP level 1. HP: 19/19 MP: 1/1
   532 | D:1      | Found a faded altar of an unknown god.
   718 | D:1      | You fall into a shaft and drop 1 floor!
   759 | D:2      | Reached XP level 2. HP: 26/27 MP: 2/2
   881 | D:2      | Reached skill level 4 in Fighting
   885 | D:2      | Reached XP level 3. HP: 26/33 MP: 3/3
  1452 | D:2      | Reached XP level 4. HP: 30/40 MP: 4/4
  1463 | D:2      | Killed from afar by an orc priest

Illustrated notes

Levels and vault maps discovered:
D:1:      erik_arrival_blinker_ship, layout_loops_corners,
          shapermc_ecumenical_altar_venn, serial_forest,
          infiniplex_forest_straight_5, infiniplex_forest_clump_cross,
          infiniplex_forest_lined_2, infiniplex_forest_lined_room_,
          infiniplex_forest_lined_2, infiniplex_forest_lined_room_2,
          st_stairs_6, minmay_misc_feat_hallway, minmay_misc_feat_ornament
D:2:      layout_basic, minmay_pentomino_w4

Skill      XL: |  1  2 |
---------------+-------+-----
Axes           | 3 |  3.5
Fighting       | 4 |  4.2
Armour         | |  3.8
Shields        | |  3.8

Action                   |  1- 3 |  4- 6 || total
-------------------------+-------+-------++-------
Melee: War axe           |    93 |     7 ||   100
Throw: Javelin           |     5 |       ||     5
       Throwing net      |     2 |       ||     2
  Use: Potion            |     1 |     2 ||     3
Armor: Scale mail        |    56 |     5 ||    61
Dodge: Dodged            |    74 |     6 ||    80
Block: Buckler           |    29 |     2 ||    31

Table legend: (Time is in decaauts)
 A = Elapsed time spent in this place.
 B = Non-inter-level travel time spent in this place.
 C = Inter-level travel time spent in this place.
 D = Time resting spent in this place.
 E = Time spent auto-exploring this place.
 F = Levels seen in this place.
 G = Mean time per level.
                   A        B        C        D        E       F      G
               +--------+--------+--------+--------+--------+-----+--------+
         Total |   1504 |   1504 |      0 |    154 |   1070 |   2 |  752.0 |
       Dungeon |   1504 |   1504 |      0 |    154 |   1070 |   2 |  752.0 |
               +--------+--------+--------+--------+--------+-----+--------+

Top non-repeatable levels by time:
     D:2: 782 daAuts
     D:1: 721 daAuts
